 Dungeon Crawl Stone Soup version 0.23-a0-839-g6d2b917 (console) character file.

1514 Voker57 the Slasher (level 8, -1/56 HPs)
             Began as a Demonspawn Gladiator on Jan 25, 2019.
             Was an Initiate of Hepliaklqana.
             Slain by Edmund
             ... wielding a +5 dire flail of draining
              (6 damage)
             ... on level 6 of the Dungeon.
             The game lasted 00:11:02 (5767 turns).

Voker57 the Slasher (Demonspawn Gladiator)          Turns: 5767, Time: 00:11:03

Health: -1/56      AC: 11    Str: 23    XL:     8   Next: 53%
Magic:  8/8        EV: 11    Int: 16    God:    Hepliaklqana [......]
Gold:   241        SH:  0    Dex: 20    Spells: 7/7 levels left

rFire    . . .     SeeInvis .   a - +0 long sword
rCold    . . .     Gourm    .   (no shield)
rNeg     . . .     Faith    .   r - +3 ring mail of the Wasteland {rElec MR- Regen+ Str+4}
rPois    +         Spirit   .   c - +0 helmet
rElec    +         Reflect  .   (no cloak)
rCorr    .         Harm     .   (no gloves)
MR       .....                  (no boots)
Stlth    ++........             (no amulet)
HPRegen  0.58/turn              y - +2 ring of protection
MPRegen  0.11/turn              w - ring of poison resistance

@: mighty, brilliant, very heavily drained
A: reduced essence, thin skeletal structure 2
a: Recall Ancestor, Ancestor Identity, Renounce Religion


You were on level 6 of the Dungeon.
You worshipped Hepliaklqana.
Hepliaklqana was noncommittal.
You were very hungry.

You visited 2 branches of the dungeon, and saw 7 of its levels.

You collected 241 gold pieces.

Inventory:

Hand Weapons
 a - a +0 long sword (weapon)
Missiles
 p - a throwing net (quivered)
Armour
 b - a +0 leather armour
 c - a +0 helmet (worn)
 d - a +3 leather armour of magic resistance
 r - the +3 ring mail of the Wasteland (worn) {rElec MR- Regen+ Str+4}
   (You found it on level 5 of the Dungeon)

   It affects your strength (+4).
   It insulates you from electricity.
   It affects your resistance to hostile enchantments.
   It increases your rate of regeneration.
Jewellery
 e - an uncursed amulet of harm
 t - a cursed ring of teleportation
 w - a ring of poison resistance (right hand)
 y - a +2 ring of protection (left hand)
 A - an uncursed ring of poison resistance
Wands
 g - a wand of disintegration (17)
 s - a wand of enslavement (9)
 v - a wand of acid (12)
Scrolls
 k - 4 scrolls of identify
 o - a scroll of remove curse
 u - a scroll of enchant armour {unknown}
Potions
 i - 2 potions of haste
 j - 3 potions of heal wounds
 n - a potion of agility {unknown}
 q - a potion of ambrosia {unknown}
 x - a potion of curing {unknown}
 z - a potion of lignification {unknown}
Comestibles
 f - 10 rations


   Skills:
 + Level 5.5(1.6) Fighting
 * Level 7.5(3.3) Long Blades
 - Level 1.7(0.0) Throwing
 + Level 5.5(1.6) Dodging


You had 7 spell levels left.
You didn't know any spells.
Your spell library contained the following spells:

 Spells                   Type           Power        Failure   Level  Hunger
 Magic Dart               Conj           #...         4%          1    ##.....
 Searing Ray              Conj           #.....       7%          2    ###....
 Dazzling Spray           Conj/Hex       #.....       13%         3    ####...
 Force Lance              Conj/Tloc      #.......     36%         4    #####..
 Fulminant Prism          Conj/Hex       #.........   36%         4    #####..
 Iskenderun's Mystic Bla  Conj           #.......     36%         4    #####..


Dungeon Overview and Level Annotations

Branches:
Dungeon (6/15)             Temple (1/1) D:5

Altars:
Cheibriados
Dithmenos
Elyvilon
Fedhas
Gozag
Hepliaklqana
Makhleb
Nemelex Xobeh
Okawaru
Ru
Sif Muna
Trog
Vehumet
Wu Jian
Xom
Yredelemnul
Zin

Shops:
D:4 (=?=

Annotations:
D:6 Edmund


Innate Abilities, Weirdness & Mutations

You have a moderately thin skeletal structure. (Dex +4, Stealth+)
Your life essence is reduced to manifest your ancestor. (-10% HP)


Message History

Edmund hits Lwandle with a +5 dire flail of draining!
You barely miss Edmund.
Edmund is severely wounded.
Lwandle hits Edmund but does no damage.
Edmund hits you with a +5 dire flail of draining.
* * * LOW HITPOINT WARNING * * *
You feel drained.
* * * LOW HITPOINT WARNING * * *
You hit Edmund.
Edmund is almost dead.
Lwandle barely misses Edmund.
Edmund hits you with a +5 dire flail of draining.
* * * LOW HITPOINT WARNING * * *
You feel drained.
* * * LOW HITPOINT WARNING * * *
You hit Edmund but do no damage.
Edmund is almost dead.
Lwandle hits Edmund but does no damage.
Edmund hits you with a +5 dire flail of draining.
You die...

###..### ####......####
# ##............### #
#......?........## #
#................# #
#................# #
###................#
###..................#
..............?......##
................@@....#
................R....##
..............>......#
....................$#
.....................#
.......##............#
......####...........#
#..........##


You could see the friendly Lwandle the ancestor and Edmund.

Vanquished Creatures
  Eustachio (D:5)
  Menkaure (D:5)
  2 ice beasts (D:5)
  2 centaurs (D:5)
  2 scorpions
  A crimson imp (D:6)
  A bullfrog zombie (D:5)
  3 hounds
  Crazy Yiuf (D:5)
  A bullfrog skeleton (D:5)
  An orc priest (D:3)
  2 orc wizards (D:4)
  An iguana (D:5)
  4 worker ants (D:4)
  A howler monkey skeleton (D:4)
  7 adders
  3 gnolls (D:3)
  2 shadow imps (D:5)
  2 oozes
  An adder zombie (D:5)
  An adder skeleton (D:6)
  2 worms (D:2)
  A dart slug (D:2)
  4 leopard geckos
  14 orcs
  2 ball pythons (D:2)
  3 giant cockroaches
  7 goblins
  9 hobgoblins
  5 jackals
  A quokka (D:3)
  9 bats
  3 frilled lizards
  4 kobolds
  A quokka skeleton (D:5)
  8 rats
113 creatures vanquished.

Vanquished Creatures (collateral kills)
  A phantom (D:6)
  A hound (D:6)
  A centaur skeleton (D:5)
  A worker ant (D:5)
  An ooze (D:6)
  An orc (D:5)
  A giant cockroach (D:5)
7 creatures vanquished.

Grand Total: 120 creatures vanquished

Notes
Turn   | Place    | Note
-------+----------+-------------------------------------------
     0 | D:1      | Voker57 the Demonspawn Gladiator began the quest for the
                  | Orb.
     0 | D:1      | Reached XP level 1. HP: 16/16 MP: 1/1
   255 | D:1      | Reached skill level 3 in Long Blades
   255 | D:1      | Gained mutation: You have a somewhat thin skeletal
                  | structure. (Dex +2, Stealth) [demonic ancestry]
   255 | D:1      | Reached XP level 2. HP: 16/22 MP: 2/2
   518 | D:1      | Gained mutation: You have a moderately thin skeletal
                  | structure. (Dex +4, Stealth+) [demonic ancestry]
   518 | D:1      | Reached XP level 3. HP: 19/28 MP: 3/3
  1109 | D:2      | Reached XP level 4. HP: 31/34 MP: 4/4
  1527 | D:3      | Reached skill level 4 in Long Blades
  1897 | D:3      | Reached XP level 5. HP: 23/41 MP: 5/5
  2753 | D:4      | Found Atuuw's Jewellery Shoppe.
  2767 | D:4      | Found Nuokum Ewken's Antique Weapon Shop.
  2845 | D:4      | Reached XP level 6. HP: 34/47 MP: 6/6
  3303 | D:4      | Found Luor's Jewellery Emporium.
  3306 | D:4      | Found Roemitu's Magic Scroll Shoppe.
  3320 | D:4      | Reached skill level 5 in Long Blades
  3790 | D:5      | Entered Level 5 of the Dungeon
  3867 | D:5      | Noticed an ice beast
  3880 | D:5      | Killed an ice beast
  3880 | D:5      | Reached XP level 7. HP: 12/54 MP: 7/7
  4117 | D:5      | Noticed Eustachio
  4123 | D:5      | Found a bloodstained altar of Trog.
  4132 | D:5      | Killed Eustachio
  4132 | D:5      | Reached skill level 6 in Long Blades
  4220 | D:5      | Noticed Menkaure
  4532 | D:5      | Killed Menkaure
  4926 | D:5      | Found a staircase to the Ecumenical Temple.
  4930 | D:5      | Got a heavily runed ring mail
  4941 | D:5      | Identified the +3 ring mail of the Wasteland {rElec MR-
                  | Regen+ Str+4} (You found it on level 5 of the Dungeon)
  4951 | Temple   | Entered the Ecumenical Temple
  4960 | Temple   | Became a worshipper of Hepliaklqana the Forgotten
  4997 | D:5      | Reached skill level 5 in Dodging
  4997 | D:5      | Reached XP level 8. HP: 43/54 MP: 8/8
  5043 | D:5      | Reached skill level 5 in Fighting
  5058 | D:5      | Reached skill level 7 in Long Blades
  5275 | D:5      | Found a runed door.
  5385 | D:5      | Noticed Crazy Yiuf
  5393 | D:5      | Killed Crazy Yiuf
  5514 | D:6      | Found a shimmering altar of Xom.
  5514 | D:6      | Found a basalt altar of Yredelemnul.
  5519 | D:6      | Found a sparkling altar of Nemelex Xobeh.
  5528 | D:6      | Found a snail-covered altar of Cheibriados.
  5530 | D:6      | Found a faded altar of an unknown god.
  5744 | D:6      | Noticed Edmund
  5767 | D:6      | Slain by Edmund

Vault maps used:
D:1:      minmay_arrival_nine_rooms, st_stairs_10, minmay_misc_feat_square,
          minmay_pentomino_q2
D:4:      serial_shops, nicolae_shop_statue_plus, nicolae_shop_crystal, shop,
          nicolae_shop_crystal
D:5:      lemuel_crystal_altar, temple_green, first_ration, uniq_eustachio,
          uniq_menkaure, uniq_crazy_yiuf_cottage
D:6:      minitemple, chequers_temple_overflow_minitemple,
          minmay_misc_feat_enclosed, nrook_uturn,
          corexii_item_surrounded_by_moat, uniq_edmund
Temple:   nicolae_temple_no_exploring_needed

Skill      XL: |  1  2  3  4  5  6  7  8 |
---------------+-------------------------+-----
Long Blades    | 3 4 5 6 7 |  7.5
Dodging        | 3 4 5 |  5.5
Fighting       | 3 4 5 |  5.5
Throwing       | |  1.7

Action                   |  1- 3 |  4- 6 |  7- 9 || total
-------------------------+-------+-------+-------++-------
Melee: Long sword        |   101 |   188 |   122 ||   411
Throw: Throwing net      |       |     5 |       ||     5
Invok: Recall Ancestor   |       |       |     1 ||     1
Evoke: Wand              |       |     2 |     1 ||     3
  Use: Scroll            |       |     9 |     2 ||    11
       Potion            |       |       |     5 ||     5
 Stab: Sleeping          |     7 |     6 |     1 ||    14
       Distracted        |       |     2 |     2 ||     4
       Held in net/web   |       |     2 |       ||     2
  Eat: Chunk             |     1 |     6 |     1 ||     8
       Ration            |       |     1 |     1 ||     2
Armor: Leather armour    |    30 |    46 |    11 ||    87
       Ring mail         |       |       |    32 ||    32
Dodge: Dodged            |    85 |   142 |    89 ||   316
       Rpst.: Long sword |    26 |    55 |    23 ||   104

Table legend:
 A = Non-vault XP
 B = Vault XP
 C = Vault XP percentage of total XP
 D = Non-vault monster count
 E = Vault monster count
 F = Vault count percentage of total count
                 A         B        C        D         E       F
            +---------+---------+-------+---------+---------+-------
      Total |    1754 |     410 |  18.9 |     112 |       8 |   6.7
            +---------+---------+-------+---------+---------+-------
        D:1 |      29 |      13 |  31.0 |      18 |       5 |  21.7
        D:2 |      89 |       0 |   0.0 |      26 |       0 |   0.0
        D:3 |     134 |       0 |   0.0 |      19 |       0 |   0.0
        D:4 |     415 |       0 |   0.0 |      19 |       0 |   0.0
        D:5 |     814 |     397 |  32.8 |      23 |       3 |  11.5
        D:6 |     273 |       0 |   0.0 |       7 |       0 |   0.0
            +---------+---------+-------+---------+---------+-------
